 Dungeon Crawl Stone Soup version 0.25.0-9-g26727b657a (webtiles) character file.

Game seed: 7534761365469770224

130 FNK404 the Ruffian (level 5, 0/44 (45) HPs)
             Began as a Ghoul Gladiator on June 17, 2020.
             Splashed by a jelly's acid (6 damage)
             ... on level 2 of the Dungeon.
             The game lasted 00:15:15 (2319 turns).

FNK404 the Ruffian (Ghoul Gladiator)                Turns: 2319, Time: 00:15:20

HP:   0/44 (45)     AC: -2    Str: 19    XL:     5   Next: 13%
MP:   4/4           EV: 12    Int:  3    God:
Gold: 127           SH:  0    Dex: 10    Spells: 4/4 levels left

rFire    . . .     SeeInvis .     - Unarmed
rCold    + . .     Gourm    .   (no shield)
rNeg     + + +     Faith    .   a - +1 leather armour
rPois    ∞         Spirit   .   b - +0 helmet
rElec    .         Reflect  .   (no cloak)
rCorr    .         Harm     .   (no gloves)
MR       .....                  (no boots)
Stlth    +.........             (no amulet)
HPRegen  0.00/turn              (no ring)
MPRegen  0.09/turn              (no ring)

@: corroded, rotting
A: rotting body, claws 1, carnivore, cold resistance 1, negative energy
resistance 3, inhibited regeneration, torment resistance, unbreathing
a: no special abilities


You were on level 2 of the Dungeon.
You were not hungry.

You visited 1 branch of the dungeon, and saw 2 of its levels.

You collected 127 gold pieces.

Inventory:

Missiles
 c - 5 throwing nets (quivered)
Armour
 a - a +1 leather armour (worn)
 b - a +0 helmet (worn)
Wands
 i - a wand of flame (16)
Scrolls
 m - a scroll of identify
Potions
 e - a potion of flight {unknown}
 f - a potion of resistance {unknown}
 h - a potion of might {unknown}
 j - a potion of heal wounds {unknown}
 k - 2 potions of haste {unknown}
 l - a potion of curing {unknown}
Comestibles
 d - 4 rations


   Skills:
 + Level 3.4 Fighting
 - Level 2.7 Throwing
 + Level 0.6 Armour
 + Level 3.1 Dodging
 - Level 1.0 Stealth
 + Level 4.2 Unarmed Combat


You had 4 spell levels left.
You didn't know any spells.
Your spell library was empty.

Dungeon Overview and Level Annotations

Branches:
Dungeon (2/15)

Altars:


Innate Abilities, Weirdness & Mutations

Your body is rotting away.
You thrive on raw meat.
You are immune to poison.
You have sharp fingernails.
You are carnivorous and can eat meat at any time.
Your flesh is cold resistant. (rC+)
You are immune to negative energy. (rN+++)
You do not regenerate when monsters are visible.
You are immune to unholy pain and torment.
You can survive without breathing.


Message History

You see here a bat skeleton.
You scratch the jelly. The acid corrodes you!
Your claws burn!
The jelly is moderately wounded.
The jelly hits you.
You are splashed with acid!
You scratch the jelly. The acid corrodes you!
Your claws burn!
The jelly is moderately wounded.
The jelly barely misses you.
You scratch the jelly.
Your claws burn!
The jelly is severely wounded.
The jelly misses you.
You scratch the jelly but do no damage.
Your claws burn!
* * * LOW HITPOINT WARNING * * *
The jelly is severely wounded.
You scratch the jelly.
Your claws burn!
* * * LOW HITPOINT WARNING * * *
The jelly is severely wounded.
The jelly hits you.
* * * LOW HITPOINT WARNING * * *
You are splashed with acid.
You die...

...## #.# #.#.............#
.#..######.# ####.#.###.#.###.#..
###......#.###...<#)###.#.##.....
.#..####.#.....####.#.......<(...
...## #.#.##..# #.#...#.##...#.
#.## #.####### #######.###.###
#.# ########### ### #.# # #.###
#.÷....########## #.# ....#
#..P.÷@'##......###(# ....#
#.....J#.#.......##)# ....##
#......#)#........))##
.....######......#.#........'(.##
.........##.÷P...#(#'#......'...#
.....######.....÷#(#.#.....##.#.#
....#### #....P÷#(#.#....#####.#
.......# #?÷....##(####### #.#
....##.# #############.#


You could see a jelly.

Vanquished Creatures
  A jelly (D:2)
  An adder (D:2)
  9 oozes
  A worm (D:2)
  A leopard gecko (D:2)
  4 bats (D:2)
  2 giant cockroaches
  8 goblins
  7 hobgoblins
  2 frilled lizards (D:2)
  11 kobolds
  2 rats (D:1)
49 creatures vanquished.

Vanquished Creatures (others)
  6 fungi (D:2)
  8 toadstools (D:2)
14 creatures vanquished.

Grand Total: 63 creatures vanquished

Notes
Turn   | Place    | Note
-------+----------+-------------------------------------------
     0 | D:1      | FNK404 the Ghoul Gladiator began the quest for the Orb.
     0 | D:1      | Reached XP level 1. HP: 17/17 MP: 0/0
   359 | D:1      | Reached XP level 2. HP: 24/24 MP: 1/1
   861 | D:2      | Reached XP level 3. HP: 30/30 MP: 2/2
  1548 | D:2      | Reached skill level 4 in Unarmed Combat
  1555 | D:2      | Reached XP level 4. HP: 27/38 MP: 3/3
  2306 | D:2      | Reached skill level 1 in Stealth
  2306 | D:2      | Reached XP level 5. HP: 38/44 MP: 4/4
  2319 | D:2      | Splashed by a jelly's acid

Illustrated notes

Levels and vault maps discovered:
D:1:      dpeg_arrival_yet_another_circle, layout_loops_ring
D:2:      cheibrodos_fertilizer, layout_loops_ring

Skill      XL: |  1  2  3  4 |
---------------+-------------+-----
Throwing       | 2 |  2.7
Dodging        | 3 |  3.1
Unarmed Combat | 4 |  4.2
Fighting       | 3 |  3.4
Stealth        | 1 |  1.0
Armour         | |  0.6

Action                   |  1- 3 |  4- 6 || total
-------------------------+-------+-------++-------
Melee: Unarmed           |    95 |    34 ||   129
       Punch             |     3 |       ||     3
  Use: Scroll            |     5 |     1 ||     6
  Eat: Chunk             |     5 |     1 ||     6
Armor: Leather armour    |    25 |     6 ||    31
Dodge: Dodged            |    54 |    13 ||    67
